Capitals vs Bruins

Created - October-24-12 at 17:57

Goals
1 2 3 T
Capitals 1 1 2 4
Bruins 0 1 1 2
Shots
1 2 3 T
Capitals 8 6 5 19
Bruins 2 9 11 22

1st period

1. Capitals , Kimmo Timonen 1 (Alexander Ovechkin, Ryan McDonagh) at 17:10 (PP)

Penalties :
David Schlemko (BOS) for Hooking (Minor) at 16:40

2nd period

2. Bruins , Patrice Bergeron 3 (Dennis Seidenberg, Zdeno Chara) at 3:17 (PP)
3. Capitals , Jiri Tlusty 1 (Taylor Hall, Willie Mitchell) at 17:42

Penalties :
Ryan McDonagh (WSH) for Tripping (Minor) at 0:31, Douglas Murray (WSH) for Roughing (Minor) at 2:17, Evander Kane (BOS) for Slashing (Minor) at 3:53, Tobias Enstrom (BOS) for Tripping (Minor) at 6:25, Tobias Enstrom (BOS) for Interference (Minor) at 11:59, Marc Methot (WSH) for Hooking (Minor) at 15:29, Douglas Murray (WSH) for Hooking (Minor) at 18:58

3rd period

4. Capitals , Ryane Clowe 3 (Ryan McDonagh, Kimmo Timonen) at 4:50
5. Bruins , David Krejci 1 (David Schlemko, Tobias Enstrom) at 6:51
6. Capitals , Alexander Semin 4 (Tomas Fleischmann) at 8:29

Penalties :
Ryan McDonagh (WSH) for Holding (Minor) at 11:09, Zdeno Chara (BOS) for Tripping (Minor) at 16:28, Zdeno Chara (BOS) for High sticking (Minor) at 19:37

Goalie Stats

Jimmy Howard (WSH), 20 saves from 22 shots - (0.909), W, 7-0-0, 60:00 minutes
Tuukka Rask (BOS), 2 saves from 2 shots - (1.000), 11:31 minutes
Cam Ward (BOS), 13 saves from 17 shots - (0.765), L, 4-3-0, 48:29 minutes

Players Stats for Capitals

Player Name              G  A  P  +/- PIM S  H  SB GA TA FO     MP     PP MP  PK MP  
------------------------------------------------------------------------------------
Alexander Ovechkin       0  1  1   1  0   2  3  0  0  0  4/16   26:44   5:21   6:23 
Alexander Semin          1  0  1   1  0   2  2  0  0  0  0/1    18:20   3:27   0:00 
Cory Sarich              0  0  0   0  0   0  0  0  0  0  0/0     3:24   0:00   0:18 
David Desharnais         0  0  0   1  0   0  0  1  0  0  13/24  25:03   5:21   6:23 
Douglas Murray           0  0  0  -1  4   0  4  1  0  0  0/0    16:09   0:00   2:48 
Jeff Halpern             0  0  0   0  0   0  0  0  0  0  1/2    12:49   0:00   0:13 
Jiri Tlusty              1  0  1   0  0   3  2  0  0  0  2/12   12:36   0:00   0:00 
Kimmo Timonen            1  1  2   1  0   1  1  1  0  0  0/0    23:02   5:27   4:50 
Marc Methot              0  0  0   2  2   0  3  1  0  0  0/0    19:39   3:21   3:03 
Mathieu Perreault        0  0  0   1  0   0  1  0  0  0  7/21   18:20   3:27   0:00 
Matt Stajan              0  0  0   0  0   1  0  0  0  0  2/3     1:41   0:00   0:00 
Mike Green               0  0  0  -1  0   1  0  1  0  0  0/0    13:22   0:00   0:00 
Ryan McDonagh            0  2  2   1  4   3  10 1  0  0  0/0    23:49   5:27   2:33 
Ryane Clowe              1  0  1   1  0   1  0  0  0  0  1/2    20:47   5:21   2:07 
Taylor Hall              0  1  1   0  0   3  2  1  0  0  0/0    12:36   0:00   0:00 
Tomas Fleischmann        0  1  1   1  0   2  1  0  0  0  0/1    20:27   3:27   2:07 
Trent Hunter             0  0  0   0  0   0  1  0  0  0  0/0     1:41   0:00   0:00 
Willie Mitchell          0  1  1   2  0   0  1  2  0  0  0/0    20:30   3:21   3:53 

Players Stats for Bruins

Player Name              G  A  P  +/- PIM S  H  SB GA TA FO     MP     PP MP  PK MP  
------------------------------------------------------------------------------------
Ales Hemsky              0  0  0  -1  0   3  0  0  0  0  0/0    11:15   0:00   5:50 
Brad Marchand            0  0  0   0  0   5  2  0  0  0  0/1    16:17   4:20   0:17 
Chris Kelly              0  0  0  -1  0   0  0  0  0  0  5/7     5:44   0:00   0:19 
David Krejci             1  0  1   1  0   1  1  0  0  0  15/23  15:13   4:20   2:41 
David Schlemko           0  1  1   0  2   0  5  2  0  0  0/0    12:24   0:00   0:58 
Dennis Seidenberg        0  1  1  -2  0   0  3  1  0  0  0/0    27:27   5:02   4:04 
Evander Kane             0  0  0  -2  2   0  5  1  0  0  0/1    21:34   4:23   0:00 
Jordan Caron             0  0  0  -1  0   0  0  0  0  0  0/0     5:25   0:00   0:00 
Milan Lucic              0  0  0   1  0   2  2  0  0  0  0/0     8:12   0:00   0:00 
Nathan Horton            0  0  0   1  0   1  0  0  0  0  0/0    10:53   0:00   2:41 
Oliver Ekman-Larsson     0  0  0   0  0   3  2  0  0  0  0/0    20:10   3:41   3:48 
Patrice Bergeron         1  0  1  -2  0   2  0  0  0  0  19/24  21:35   4:23   0:00 
Rich Peverley            0  0  0   0  0   0  0  0  0  0  6/11   21:48   4:20   5:48 
Ryan Nugent-Hopkins      0  0  0   0  0   1  1  0  0  0  6/12   11:40   0:00   0:00 
Tobias Enstrom           0  1  1   0  4   0  1  1  0  0  0/0    12:21   0:00   0:56 
Tyler Seguin             0  0  0  -2  0   2  0  0  0  0  1/3    21:35   4:23   0:00 
Zach Bogosian            0  0  0   0  0   1  0  0  0  0  0/0    20:10   3:41   3:48 
Zdeno Chara              0  1  1  -2  4   1  2  0  0  0  0/0    27:23   5:02   4:02 

3 Stars

1 - Kimmo Timonen (WSH)
2 - Ryan McDonagh (WSH)
3 - Alexander Semin (WSH)

Power Play

Capitals - 1 on 6 Attempt(s) - 16.67%
Bruins - 1 on 5 Attempt(s) - 20.00%

Penalty Kill

Capitals - 4 on 5 Attempt(s) - 80.00% - Score 0 goal in Penalty Kill
Bruins - 5 on 6 Attempt(s) - 83.33% - Score 0 goal in Penalty Kill

Official

Referees : Rob Martell and Ian Walsh
Linesman : Thor Nelson and Steve Miller

Game Notes

Tuukka Rask enters game at 8:29 of 3rd period

Finance

Level 1 -- Attendance: 3606 (55.48%) -- Ticket Income $594,990
Level 2 -- Attendance: 2802 (56.04%) -- Ticket Income $350,250
Level 3 -- Attendance: 2085 (59.57%) -- Ticket Income $166,800
Level 4 -- Attendance: 1565 (100.00%) -- Ticket Income $78,250
Luxury Box -- Attendance: 400 (40.00%) -- Ticket Income $260,000
Game was played at the TD Garden
Total Attendance: 10458 (59.54%)
Total Ticket Income: $1,450,290
Other Income: $217,544
Total Income: $1,667,834


% Time on Ice - Capitals

Lines # - Real PCT - Wanted PCT - Time Play
Normal Forward
1 - 31% - 40% - 13:19
2 - 35% - 30% - 14:53
3 - 30% - 20% - 12:36
4 - 4% - 10% - 1:41
Normal Defense
1 - 30% - 40% - 12:45
2 - 31% - 30% - 13:16
3 - 31% - 20% - 13:22
4 - 7% - 10% - 3:06
PP Forward
1 - 61% - 60% - 5:21
2 - 39% - 40% - 3:27
PP Defense
1 - 62% - 60% - 5:27
2 - 38% - 40% - 3:21
PK Forward
1 - 75% - 60% - 6:23
2 - 25% - 40% - 2:07
PK Defense
1 - 54% - 60% - 4:37
2 - 46% - 40% - 3:53
PK3 Forward
1 - 100% - 60% - 0:13
2 - 0% - 40% - 0:00
PK3 Defense
1 - 100% - 60% - 0:13
2 - 0% - 40% - 0:00
44 Forward
1 - 0% - 60%
2 - 0% - 40%
44 Defense
1 - 0% - 60%
2 - 0% - 40%
Last Minute Offensive  - 0:00
Last Minute Defensive  - 0:00
Total
Forward - 60:00
Defense - 60:00

% Time on Ice - Bruins

Lines # - Real PCT - Wanted PCT - Time Play
Normal Forward
1 - 40% - 40% - 17:12
2 - 27% - 30% - 11:40
3 - 19% - 20% - 8:12
4 - 13% - 10% - 5:25
Normal Defense
1 - 40% - 40% - 17:00
2 - 30% - 30% - 12:41
3 - 27% - 20% - 11:27
4 - 3% - 10% - 1:21
PP Forward
1 - 50% - 60% - 4:23
2 - 50% - 40% - 4:20
PP Defense
1 - 58% - 60% - 5:02
2 - 42% - 40% - 3:41
PK Forward
1 - 70% - 60% - 6:07
2 - 30% - 40% - 2:41
PK Defense
1 - 46% - 60% - 4:04
2 - 54% - 40% - 4:44
PK3 Forward
1 - 0% - 60%
2 - 0% - 40%
PK3 Defense
1 - 0% - 60%
2 - 0% - 40%
44 Forward
1 - 0% - 60%
2 - 0% - 40%
44 Defense
1 - 0% - 60%
2 - 0% - 40%
Last Minute Offensive  - 0:00
Last Minute Defensive  - 0:00
Total
Forward - 60:00
Defense - 60:00

Play by Play

1st period


0:01 of 1st period - Patrice Bergeron wins face-off versus David Desharnais in neutral zone.
0:44 of 1st period - Evander Kane is hit by Ryan McDonagh and loses puck.
1:29 of 1st period - Icing by Alexander Semin.
1:30 of 1st period - David Krejci wins face-off versus Mathieu Perreault in Capitals zone.
1:30 of 1st period - Nathan Horton is hit by Marc Methot and loses puck.
1:38 of 1st period - Icing by Willie Mitchell.
1:39 of 1st period - Mathieu Perreault wins face-off versus David Krejci in Capitals zone.
1:50 of 1st period - Shot by Alexander Semin.
1:50 of 1st period - Shot Misses the Net.
2:14 of 1st period - Icing by Marc Methot.
2:15 of 1st period - Chris Kelly wins face-off versus Mathieu Perreault in Capitals zone.
2:20 of 1st period - Shot by Zdeno Chara.
2:20 of 1st period - Shot Misses the Net.
2:22 of 1st period - Shot by Dennis Seidenberg.
2:22 of 1st period - Shot Blocked by Willie Mitchell.
2:42 of 1st period - Shot by Jiri Tlusty.
2:42 of 1st period - Stopped by Cam Ward without a rebound.
2:43 of 1st period - Patrice Bergeron wins face-off versus Alexander Ovechkin in Bruins zone.
2:43 of 1st period - Patrice Bergeron is hit by Trent Hunter.
2:51 of 1st period - Alexander Ovechkin is hit by Evander Kane and loses puck.
2:58 of 1st period - Shot by Alexander Ovechkin.
2:58 of 1st period - Stopped by Cam Ward without a rebound.
2:59 of 1st period - Ryan Nugent-Hopkins wins face-off versus Jiri Tlusty in Bruins zone.
3:26 of 1st period - Off-side.
3:27 of 1st period - David Desharnais wins face-off versus Patrice Bergeron in neutral zone.
3:57 of 1st period - Tyler Seguin is hit by Ryan McDonagh and loses puck.
5:11 of 1st period - Shot by Taylor Hall.
5:11 of 1st period - Stopped by Cam Ward without a rebound.
5:12 of 1st period - Mathieu Perreault wins face-off versus David Krejci in Bruins zone.
5:20 of 1st period - Mathieu Perreault is hit by David Schlemko and loses puck.
5:50 of 1st period - Alexander Semin is hit by David Schlemko and loses puck.
5:57 of 1st period - Willie Mitchell is hit by Milan Lucic and loses puck.
6:05 of 1st period - Icing by Marc Methot.
6:06 of 1st period - Patrice Bergeron wins face-off versus Mathieu Perreault in Capitals zone.
6:07 of 1st period - Shot by Evander Kane.
6:07 of 1st period - Shot Blocked by Marc Methot.
6:17 of 1st period - Marc Methot is hit by Evander Kane.
6:44 of 1st period - Icing by Tyler Seguin.
6:45 of 1st period - Patrice Bergeron wins face-off versus Jiri Tlusty in Bruins zone.
7:06 of 1st period - Taylor Hall is hit by Dennis Seidenberg and loses puck.
7:15 of 1st period - Shot by Taylor Hall.
7:15 of 1st period - Stopped by Cam Ward without a rebound.
7:16 of 1st period - David Desharnais wins face-off versus Ryan Nugent-Hopkins in Bruins zone.
8:12 of 1st period - Shot by Ales Hemsky.
8:12 of 1st period - Deflect By Chris Kelly.
8:12 of 1st period - Shot Blocked by Kimmo Timonen.
8:21 of 1st period - Off-side.
8:22 of 1st period - David Krejci wins face-off versus Jiri Tlusty in neutral zone.
8:29 of 1st period - Shot by Nathan Horton.
8:29 of 1st period - Shot Misses the Net.
8:41 of 1st period - Shot by Jiri Tlusty.
8:41 of 1st period - Stopped by Cam Ward without a rebound.
8:42 of 1st period - Patrice Bergeron wins face-off versus Mathieu Perreault in Bruins zone.
8:54 of 1st period - Alexander Semin is hit by David Schlemko and loses puck.
8:59 of 1st period - Shot by Alexander Semin.
8:59 of 1st period - Stopped by Cam Ward without a rebound.
9:00 of 1st period - Jiri Tlusty wins face-off versus Chris Kelly in Bruins zone.
10:18 of 1st period - David Desharnais is hit by Evander Kane and loses puck.
10:25 of 1st period - Off-side.
10:26 of 1st period - Ryan Nugent-Hopkins wins face-off versus Mathieu Perreault in neutral zone.
10:50 of 1st period - Shot by Alexander Semin.
10:50 of 1st period - Deflect By Tomas Fleischmann.
10:50 of 1st period - Shot Misses the Net.
10:52 of 1st period - Shot by Willie Mitchell.
10:52 of 1st period - Shot Hit the Post.
11:02 of 1st period - Shot by Alexander Semin.
11:02 of 1st period - Shot Blocked by Tobias Enstrom.
11:06 of 1st period - Shot by Tomas Fleischmann.
11:06 of 1st period - Shot Blocked by David Schlemko.
11:08 of 1st period - Shot by Willie Mitchell.
11:08 of 1st period - Shot Misses the Net.
11:37 of 1st period - Taylor Hall is hit by Tobias Enstrom and loses puck.
12:42 of 1st period - Icing by Ryane Clowe.
12:43 of 1st period - David Desharnais wins face-off versus David Krejci in Capitals zone.
12:43 of 1st period - Ryane Clowe is hit by Milan Lucic and loses puck.
14:33 of 1st period - Oliver Ekman-Larsson is hit by Marc Methot and loses puck.
14:52 of 1st period - Shot by Ales Hemsky.
14:52 of 1st period - Stopped by Jimmy Howard with a rebound.
15:03 of 1st period - Icing by Alexander Semin.
15:04 of 1st period - David Krejci wins face-off versus Mathieu Perreault in Capitals zone.
15:04 of 1st period - Zdeno Chara is hit by Marc Methot and loses puck.
15:34 of 1st period - Shot by Milan Lucic.
15:34 of 1st period - Shot Blocked by Willie Mitchell.
15:36 of 1st period - Shot by Milan Lucic.
15:36 of 1st period - Stopped by Jimmy Howard without a rebound.
15:37 of 1st period - Patrice Bergeron wins face-off versus David Desharnais in Capitals zone.
15:37 of 1st period - Patrice Bergeron is hit by Ryan McDonagh.
15:39 of 1st period - Shot by Tyler Seguin.
15:39 of 1st period - Shot Misses the Net.
15:59 of 1st period - Shot by Alexander Ovechkin.
15:59 of 1st period - Shot Misses the Net.
16:40 of 1st period - Minor Penalty to David Schlemko for Hooking.
16:41 of 1st period - David Desharnais wins face-off versus Rich Peverley in Bruins zone.
17:10 of 1st period - Shot by Kimmo Timonen.
17:10 of 1st period - Goal by Kimmo Timonen - Capitals : 1 - Bruins : 0.
17:11 of 1st period - David Krejci wins face-off versus Jiri Tlusty in neutral zone.
17:32 of 1st period - Icing by Oliver Ekman-Larsson.
17:33 of 1st period - Matt Stajan wins face-off versus David Krejci in Bruins zone.
18:05 of 1st period - Shot by Matt Stajan.
18:05 of 1st period - Stopped by Cam Ward without a rebound.
18:06 of 1st period - Jeff Halpern wins face-off versus Ryan Nugent-Hopkins in Bruins zone.
18:13 of 1st period - Shot by Taylor Hall.
18:13 of 1st period - Shot Misses the Net.
18:42 of 1st period - Taylor Hall is hit by Brad Marchand and loses puck.
19:51 of 1st period - Willie Mitchell is hit by Evander Kane and loses puck.

2nd period


0:01 of 2nd period - David Desharnais wins face-off versus Patrice Bergeron in neutral zone.
0:03 of 2nd period - Off-side.
0:04 of 2nd period - David Desharnais wins face-off versus Tyler Seguin in neutral zone.
0:09 of 2nd period - Shot by Alexander Ovechkin.
0:09 of 2nd period - Shot Blocked by Evander Kane.
0:19 of 2nd period - Dennis Seidenberg is hit by Kimmo Timonen and loses puck.
0:31 of 2nd period - Minor Penalty to Ryan McDonagh for Tripping.
0:32 of 2nd period - David Krejci wins face-off versus Alexander Ovechkin in Capitals zone.
0:49 of 2nd period - Shot by Oliver Ekman-Larsson.
0:49 of 2nd period - Stopped by Jimmy Howard without a rebound.
0:50 of 2nd period - Patrice Bergeron wins face-off versus Alexander Ovechkin in Capitals zone.
1:31 of 2nd period - Icing by Zdeno Chara.
1:32 of 2nd period - Patrice Bergeron wins face-off versus Alexander Ovechkin in Bruins zone.
2:17 of 2nd period - Shot by Rich Peverley.
2:17 of 2nd period - Deflect By Brad Marchand.
2:17 of 2nd period - Stopped by Jimmy Howard without a rebound.
2:17 of 2nd period - Minor Penalty to Douglas Murray for Roughing.
2:18 of 2nd period - David Krejci wins face-off versus Jeff Halpern in Capitals zone.
2:52 of 2nd period - Icing by Zach Bogosian.
2:53 of 2nd period - Rich Peverley wins face-off versus Alexander Ovechkin in Bruins zone.
3:05 of 2nd period - Off-side.
3:06 of 2nd period - Patrice Bergeron wins face-off versus Alexander Ovechkin in neutral zone.
3:17 of 2nd period - Shot by Patrice Bergeron.
3:17 of 2nd period - Goal by Patrice Bergeron - Capitals : 1 - Bruins : 1.
3:18 of 2nd period - Chris Kelly wins face-off versus Mathieu Perreault in neutral zone.
3:20 of 2nd period - Off-side.
3:21 of 2nd period - Patrice Bergeron wins face-off versus Mathieu Perreault in neutral zone.
3:31 of 2nd period - Tomas Fleischmann is hit by Evander Kane and loses puck.
3:49 of 2nd period - Patrice Bergeron is hit by Ryan McDonagh and loses puck.
3:52 of 2nd period - Shot by Tyler Seguin.
3:52 of 2nd period - Shot Misses the Net.
3:53 of 2nd period - Minor Penalty to Evander Kane for Slashing.
3:54 of 2nd period - Rich Peverley wins face-off versus David Desharnais in Bruins zone.
3:54 of 2nd period - Rich Peverley is hit by Alexander Ovechkin.
6:25 of 2nd period - Shot by Mike Green.
6:25 of 2nd period - Stopped by Cam Ward without a rebound.
6:25 of 2nd period - Minor Penalty to Tobias Enstrom for Tripping.
6:26 of 2nd period - Rich Peverley wins face-off versus Mathieu Perreault in Bruins zone.
8:29 of 2nd period - Tobias Enstrom is hit by Jiri Tlusty and loses puck.
9:08 of 2nd period - Shot by Tyler Seguin.
9:08 of 2nd period - Stopped by Jimmy Howard without a rebound.
9:09 of 2nd period - Matt Stajan wins face-off versus David Krejci in Capitals zone.
9:26 of 2nd period - Shot by Oliver Ekman-Larsson.
9:26 of 2nd period - Stopped by Jimmy Howard without a rebound.
9:27 of 2nd period - David Desharnais wins face-off versus Ryan Nugent-Hopkins in Capitals zone.
9:36 of 2nd period - Shot by Brad Marchand.
9:36 of 2nd period - Stopped by Jimmy Howard without a rebound.
9:37 of 2nd period - David Krejci wins face-off versus Alexander Ovechkin in Capitals zone.
9:37 of 2nd period - David Krejci is hit by Ryan McDonagh.
10:02 of 2nd period - Nathan Horton is hit by Ryan McDonagh and loses puck.
10:45 of 2nd period - Shot by Tomas Fleischmann.
10:45 of 2nd period - Shot Misses the Net.
11:16 of 2nd period - Shot by Tomas Fleischmann.
11:16 of 2nd period - Stopped by Cam Ward without a rebound.
11:17 of 2nd period - Jiri Tlusty wins face-off versus Tyler Seguin in Bruins zone.
11:22 of 2nd period - Shot by Mike Green.
11:22 of 2nd period - Shot Misses the Net.
11:24 of 2nd period - Shot by Jeff Halpern.
11:24 of 2nd period - Shot Misses the Net.
11:43 of 2nd period - Taylor Hall is hit by David Schlemko and loses puck.
11:59 of 2nd period - Minor Penalty to Tobias Enstrom for Interference.
12:00 of 2nd period - Rich Peverley wins face-off versus David Desharnais in Bruins zone.
12:11 of 2nd period - Shot by Ryan McDonagh.
12:11 of 2nd period - Stopped by Cam Ward without a rebound.
12:12 of 2nd period - Mathieu Perreault wins face-off versus Rich Peverley in Bruins zone.
12:15 of 2nd period - Shot by Ryan McDonagh.
12:15 of 2nd period - Shot Misses the Net.
12:17 of 2nd period - Shot by Tomas Fleischmann.
12:17 of 2nd period - Shot Blocked by Dennis Seidenberg.
12:19 of 2nd period - Shot by Ryan McDonagh.
12:19 of 2nd period - Stopped by Cam Ward without a rebound.
12:20 of 2nd period - David Desharnais wins face-off versus Rich Peverley in Bruins zone.
12:20 of 2nd period - David Desharnais is hit by Zdeno Chara.
12:31 of 2nd period - Icing by Alexander Ovechkin.
12:32 of 2nd period - Rich Peverley wins face-off versus David Desharnais in Capitals zone.
12:33 of 2nd period - Shot by Ales Hemsky.
12:33 of 2nd period - Shot Blocked by Ryan McDonagh.
12:42 of 2nd period - Icing by Ryane Clowe.
12:43 of 2nd period - David Desharnais wins face-off versus Rich Peverley in Capitals zone.
13:19 of 2nd period - Off-side.
13:20 of 2nd period - David Krejci wins face-off versus Alexander Semin in neutral zone.
13:55 of 2nd period - Shot by Willie Mitchell.
13:55 of 2nd period - Deflect By Alexander Semin.
13:55 of 2nd period - Shot Misses the Net.
14:06 of 2nd period - Jeff Halpern is hit by Oliver Ekman-Larsson and loses puck.
14:20 of 2nd period - Evander Kane is hit by Douglas Murray and loses puck.
14:51 of 2nd period - Off-side.
14:52 of 2nd period - David Desharnais wins face-off versus David Krejci in neutral zone.
15:16 of 2nd period - Shot by Ryan McDonagh.
15:16 of 2nd period - Stopped by Cam Ward without a rebound.
15:17 of 2nd period - Mathieu Perreault wins face-off versus Chris Kelly in Bruins zone.
15:17 of 2nd period - Marc Methot is hit by Dennis Seidenberg and loses puck.
15:29 of 2nd period - Minor Penalty to Marc Methot for Hooking.
15:30 of 2nd period - Alexander Ovechkin wins face-off versus David Krejci in Capitals zone.
15:36 of 2nd period - Icing by Rich Peverley.
15:37 of 2nd period - David Krejci wins face-off versus Alexander Ovechkin in Bruins zone.
16:04 of 2nd period - Shot by David Krejci.
16:04 of 2nd period - Shot Misses the Net.
16:18 of 2nd period - Shot by David Krejci.
16:18 of 2nd period - Shot Misses the Net.
16:20 of 2nd period - Shot by David Krejci.
16:20 of 2nd period - Deflect By Brad Marchand.
16:20 of 2nd period - Stopped by Jimmy Howard without a rebound.
16:21 of 2nd period - Patrice Bergeron wins face-off versus Tomas Fleischmann in Capitals zone.
17:11 of 2nd period - Zach Bogosian is hit by Alexander Ovechkin and loses puck.
17:40 of 2nd period - Shot by Taylor Hall.
17:40 of 2nd period - Shot Misses the Net.
17:42 of 2nd period - Shot by Taylor Hall.
17:42 of 2nd period - Deflect By Jiri Tlusty.
17:42 of 2nd period - Goal by Jiri Tlusty - Capitals : 2 - Bruins : 1.
17:43 of 2nd period - David Krejci wins face-off versus Mathieu Perreault in neutral zone.
17:50 of 2nd period - Shot by Milan Lucic.
17:50 of 2nd period - Deflect By Nathan Horton.
17:50 of 2nd period - Stopped by Jimmy Howard without a rebound.
17:51 of 2nd period - Ryan Nugent-Hopkins wins face-off versus Mathieu Perreault in Capitals zone.
18:13 of 2nd period - Rich Peverley is hit by Douglas Murray and loses puck.
18:23 of 2nd period - Brad Marchand is hit by Douglas Murray and loses puck.
18:58 of 2nd period - Minor Penalty to Douglas Murray for Hooking.
18:59 of 2nd period - Patrice Bergeron wins face-off versus Alexander Ovechkin in Capitals zone.
19:03 of 2nd period - Evander Kane is hit by Ryan McDonagh.
19:14 of 2nd period - Shot by Patrice Bergeron.
19:14 of 2nd period - Shot Misses the Net.
19:16 of 2nd period - Shot by Patrice Bergeron.
19:16 of 2nd period - Stopped by Jimmy Howard without a rebound.
19:17 of 2nd period - David Krejci wins face-off versus Alexander Ovechkin in Capitals zone.

3rd period


0:01 of 3rd period - Alexander Ovechkin wins face-off versus Patrice Bergeron in neutral zone.
0:14 of 3rd period - Shot by Dennis Seidenberg.
0:14 of 3rd period - Deflect By Evander Kane.
0:14 of 3rd period - Shot Blocked by David Desharnais.
0:57 of 3rd period - Willie Mitchell is hit by David Krejci and loses puck.
1:03 of 3rd period - Off-side.
1:04 of 3rd period - Mathieu Perreault wins face-off versus Ryan Nugent-Hopkins in neutral zone.
1:27 of 3rd period - Shot by Brad Marchand.
1:27 of 3rd period - Shot Misses the Net.
1:33 of 3rd period - Zach Bogosian is hit by Alexander Semin and loses puck.
2:02 of 3rd period - Shot by Ryane Clowe.
2:02 of 3rd period - Shot Misses the Net.
2:04 of 3rd period - Shot by Alexander Ovechkin.
2:04 of 3rd period - Stopped by Cam Ward without a rebound.
2:05 of 3rd period - Patrice Bergeron wins face-off versus Jiri Tlusty in Bruins zone.
2:05 of 3rd period - Patrice Bergeron is hit by Jiri Tlusty.
2:42 of 3rd period - Shot by Patrice Bergeron.
2:42 of 3rd period - Shot Misses the Net.
2:44 of 3rd period - Shot by Dennis Seidenberg.
2:44 of 3rd period - Shot Blocked by Mike Green.
2:46 of 3rd period - Shot by Zdeno Chara.
2:46 of 3rd period - Shot Blocked by Taylor Hall.
3:00 of 3rd period - Nathan Horton is hit by Taylor Hall.
3:19 of 3rd period - Douglas Murray is hit by David Schlemko and loses puck.
3:29 of 3rd period - Off-side.
3:30 of 3rd period - Chris Kelly wins face-off versus David Desharnais in neutral zone.
3:34 of 3rd period - Zach Bogosian is hit by Ryan McDonagh and loses puck.
3:48 of 3rd period - Alexander Ovechkin is hit by Oliver Ekman-Larsson.
3:59 of 3rd period - Chris Kelly is hit by Ryan McDonagh and loses puck.
4:02 of 3rd period - Shot by Ales Hemsky.
4:02 of 3rd period - Stopped by Jimmy Howard without a rebound.
4:03 of 3rd period - Mathieu Perreault wins face-off versus Patrice Bergeron in Capitals zone.
4:21 of 3rd period - Icing by Willie Mitchell.
4:22 of 3rd period - Mathieu Perreault wins face-off versus Ryan Nugent-Hopkins in Capitals zone.
4:22 of 3rd period - Mathieu Perreault is hit by Brad Marchand.
4:34 of 3rd period - Shot by Brad Marchand.
4:34 of 3rd period - Stopped by Jimmy Howard without a rebound.
4:35 of 3rd period - David Desharnais wins face-off versus Patrice Bergeron in Capitals zone.
4:50 of 3rd period - Shot by Ryane Clowe.
4:50 of 3rd period - Goal by Ryane Clowe - Capitals : 3 - Bruins : 1.
4:51 of 3rd period - Ryan Nugent-Hopkins wins face-off versus Mathieu Perreault in neutral zone.
4:56 of 3rd period - Shot by Mathieu Perreault.
4:56 of 3rd period - Shot Misses the Net.
5:26 of 3rd period - Zach Bogosian is hit by Tomas Fleischmann and loses puck.
6:07 of 3rd period - Shot by Tyler Seguin.
6:07 of 3rd period - Stopped by Jimmy Howard without a rebound.
6:08 of 3rd period - David Krejci wins face-off versus Jiri Tlusty in Capitals zone.
6:17 of 3rd period - David Schlemko is hit by Taylor Hall.
6:39 of 3rd period - Shot by Milan Lucic.
6:39 of 3rd period - Shot Misses the Net.
6:51 of 3rd period - Shot by David Krejci.
6:51 of 3rd period - Goal by David Krejci - Capitals : 3 - Bruins : 2.
6:52 of 3rd period - Patrice Bergeron wins face-off versus David Desharnais in neutral zone.
6:54 of 3rd period - Off-side.
6:55 of 3rd period - Patrice Bergeron wins face-off versus David Desharnais in neutral zone.
7:09 of 3rd period - Icing by Kimmo Timonen.
7:10 of 3rd period - Ryane Clowe wins face-off versus Ryan Nugent-Hopkins in Capitals zone.
7:44 of 3rd period - Ryan McDonagh is hit by Ryan Nugent-Hopkins and loses puck.
7:51 of 3rd period - Shot by Ryan Nugent-Hopkins.
7:51 of 3rd period - Shot Misses the Net.
8:20 of 3rd period - Patrice Bergeron is hit by Mathieu Perreault and loses puck.
8:27 of 3rd period - Shot by Alexander Semin.
8:27 of 3rd period - Shot Misses the Net.
8:29 of 3rd period - Shot by Alexander Semin.
8:29 of 3rd period - Goal by Alexander Semin - Capitals : 4 - Bruins : 2.
8:29 of 3rd period - Tuukka Rask enters game.
8:30 of 3rd period - David Krejci wins face-off versus Jiri Tlusty in neutral zone.
9:10 of 3rd period - Shot by Taylor Hall.
9:10 of 3rd period - Stopped by Tuukka Rask without a rebound.
9:11 of 3rd period - Patrice Bergeron wins face-off versus Mathieu Perreault in Bruins zone.
10:09 of 3rd period - Icing by Zdeno Chara.
10:10 of 3rd period - Patrice Bergeron wins face-off versus David Desharnais in Bruins zone.
10:16 of 3rd period - Icing by Dennis Seidenberg.
10:17 of 3rd period - Tyler Seguin wins face-off versus David Desharnais in Bruins zone.
10:34 of 3rd period - Shot by Alexander Ovechkin.
10:34 of 3rd period - Shot Misses the Net.
10:40 of 3rd period - Shot by Brad Marchand.
10:40 of 3rd period - Stopped by Jimmy Howard with a rebound.
10:42 of 3rd period - Shot by Zach Bogosian.
10:42 of 3rd period - Stopped by Jimmy Howard without a rebound.
10:43 of 3rd period - David Krejci wins face-off versus Jiri Tlusty in Capitals zone.
10:58 of 3rd period - Shot by Milan Lucic.
10:58 of 3rd period - Stopped by Jimmy Howard without a rebound.
10:59 of 3rd period - Ryan Nugent-Hopkins wins face-off versus David Desharnais in Capitals zone.
11:07 of 3rd period - Brad Marchand is hit by Ryan McDonagh and loses puck.
11:09 of 3rd period - Minor Penalty to Ryan McDonagh for Holding.
11:10 of 3rd period - David Krejci wins face-off versus Alexander Ovechkin in Capitals zone.
11:10 of 3rd period - David Krejci is hit by Douglas Murray.
11:16 of 3rd period - Shot by Brad Marchand.
11:16 of 3rd period - Shot Misses the Net.
11:18 of 3rd period - Shot by Zdeno Chara.
11:18 of 3rd period - Shot Misses the Net.
11:20 of 3rd period - Shot by Zdeno Chara.
11:20 of 3rd period - Stopped by Jimmy Howard without a rebound.
11:21 of 3rd period - Patrice Bergeron wins face-off versus Alexander Ovechkin in Capitals zone.
12:33 of 3rd period - Icing by Rich Peverley.
12:34 of 3rd period - Alexander Ovechkin wins face-off versus Brad Marchand in Bruins zone.
12:45 of 3rd period - Shot by Oliver Ekman-Larsson.
12:45 of 3rd period - Stopped by Jimmy Howard without a rebound.
12:46 of 3rd period - Alexander Ovechkin wins face-off versus David Krejci in Capitals zone.
13:07 of 3rd period - Shot by Zach Bogosian.
13:07 of 3rd period - Deflect By David Krejci.
13:07 of 3rd period - Shot Misses the Net.
13:12 of 3rd period - Shot by Chris Kelly.
13:12 of 3rd period - Shot Misses the Net.
13:14 of 3rd period - Shot by Tobias Enstrom.
13:14 of 3rd period - Shot Misses the Net.
13:34 of 3rd period - Shot by Chris Kelly.
13:34 of 3rd period - Shot Misses the Net.
13:36 of 3rd period - Shot by Chris Kelly.
13:36 of 3rd period - Deflect By Jordan Caron.
13:36 of 3rd period - Shot Misses the Net.
13:46 of 3rd period - Shot by Tomas Fleischmann.
13:46 of 3rd period - Stopped by Tuukka Rask with a rebound.
14:19 of 3rd period - Icing by Jiri Tlusty.
14:20 of 3rd period - Patrice Bergeron wins face-off versus Jiri Tlusty in Capitals zone.
14:21 of 3rd period - Shot by Tyler Seguin.
14:21 of 3rd period - Shot Misses the Net.
14:46 of 3rd period - Icing by Dennis Seidenberg.
14:47 of 3rd period - David Desharnais wins face-off versus Evander Kane in Bruins zone.
14:47 of 3rd period - David Desharnais is hit by Zdeno Chara.
15:58 of 3rd period - Tomas Fleischmann is hit by Dennis Seidenberg and loses puck.
16:28 of 3rd period - Minor Penalty to Zdeno Chara for Tripping.
16:29 of 3rd period - Rich Peverley wins face-off versus Ryane Clowe in Bruins zone.
16:29 of 3rd period - Rich Peverley is hit by Alexander Ovechkin.
17:41 of 3rd period - Shot by Willie Mitchell.
17:41 of 3rd period - Shot Blocked by David Schlemko.
18:27 of 3rd period - Icing by Willie Mitchell.
18:28 of 3rd period - Ryan Nugent-Hopkins wins face-off versus Jiri Tlusty in Capitals zone.
18:51 of 3rd period - Shot by Brad Marchand.
18:51 of 3rd period - Shot Blocked by Douglas Murray.
18:53 of 3rd period - Shot by Ryan Nugent-Hopkins.
18:53 of 3rd period - Stopped by Jimmy Howard without a rebound.
18:54 of 3rd period - Chris Kelly wins face-off versus Matt Stajan in Capitals zone.
18:55 of 3rd period - Shot by Ales Hemsky.
18:55 of 3rd period - Stopped by Jimmy Howard without a rebound.
18:56 of 3rd period - Chris Kelly wins face-off versus Mathieu Perreault in Capitals zone.
19:09 of 3rd period - Dennis Seidenberg is hit by Alexander Semin and loses puck.
19:25 of 3rd period - Zdeno Chara is hit by Willie Mitchell and loses puck.
19:37 of 3rd period - Minor Penalty to Zdeno Chara for High sticking.
19:38 of 3rd period - David Desharnais wins face-off versus Rich Peverley in Bruins zone.


Output by the SimonT Hockey Simulator (STHS) for Stephane Roy -- Original Page W3C XHTML 1.0 Valid
Hockey Simulator - Hockey Simulation - Hockey Manager